cohdb
Replays
Latest Replays
All Replays
Popular Replays
Top Player Replays
Match Explorer
How It Works
Community
CoH3 Stats
Reddit
Sign in to upload your games and track your stats! →
Sign in with Steam
centaurs are easy mode :P
Match 19290848
Overview
Messages
Build Orders
End
Kradschützen Motorcycle Team
Selects Italian Infantry
Panzergrenadier Squad
Panzergrenadier Squad
250 Light Carrier
Construct Light Support Kompanie
Selects Guastatori Squad
Guastatori Squad
Fire Support Elements
Veteran Squad Leaders
Construct Panzerarmee Kommand
Selects Registered Artillery
Registered Artillery
Registered Artillery
Walking Stuka Rocket Launcher
2.5-tonne Medical Truck
Registered Artillery
Panzer III L Medium Tank
Panzer III L Medium Tank
Pak 38 Mechanized Group
Panzer III L Medium Tank
AI Takeover
Ghost
Zuntew
0
0
Comments
sign in to comment!
No comments posted yet!